 Dungeon Crawl Stone Soup version 0.29-a0-559-g359e09b9d1 (console) character file.

Game seed: 15637224625039790844

22974 om the Transmogrifier (level 13, -4/139 HPs)
             Began as a Merfolk Ice Elementalist on June 10, 2022.
             Was a High Priest of Makhleb.
             Slain by an ogre
             ... wielding a +0 giant club
              (11 damage)
             ... on level 1 of the Orcish Mines.
             The game lasted 00:50:33 (15796 turns).

om the Transmogrifier (Merfolk Ice Elementalist)   Turns: 15796, Time: 00:50:34

Health: -4/139     AC: 37    Str: 13    XL:     13   Next: 3%
Magic:  31/31      EV:  2    Int: 14    God:    Makhleb [*****.]
Gold:   1037       SH:  0    Dex: 15    Spells: 5/24 levels left

rFire   + + .      SeeInvis .   w - +0 trident (venom)
rCold   + + .      Faith    .   V - +2 shield of Resistance {rF++ rC++ Will++}
rNeg    . . .      Spirit   .   (body armour currently unavailable)
rPois   +          Reflect  .   (helmet currently unavailable)
rElec   .          Harm     .   (cloak currently unavailable)
rCorr   .          Rampage  .   (gloves currently unavailable)
Will    ++...      NoTele   +   (boots currently unavailable)
Stlth   +.........              y - amulet of magic regeneration
HPRegen 0.33/turn               g - ring of magical power
MPRegen 0.62/turn               r - +4 ring of protection

@: confused, ice-armoured (expiring), tree-form, ambrosia-drunk
A: stationary, stasis, torment immunity, boosted hp, (nimble swimmer 2),
(mertail)
a: Renounce Religion, Minor Destruction, Lesser Servant of Makhleb, Major
Destruction, Greater Servant of Makhleb


You were on level 1 of the Orcish Mines.
You worshipped Makhleb.
Makhleb was extremely pleased with you.
You were a tree.
You visited 3 branches of the dungeon, and saw 16 of its levels.
You also visited: Bailey and Volcano.

You collected 1245 gold pieces.
You spent 208 gold pieces at shops.

Inventory:

Hand Weapons
 n - a +2 vorpal hunting sling
 w - a +0 trident of venom (weapon)
 I - a -1 spear of flaming
 Q - a +0 glaive of flaming
Missiles
 d - 4 throwing nets
Armour
 k - a +0 buckler
 D - a +0 troll leather armour (melded)
 E - a +2 cloak (melded)
 M - +0 steam dragon scales
 N - a +2 chain mail of fire resistance
 O - a +2 leather armour of fire resistance
 P - a +1 ring mail of fire resistance
 V - the +2 shield of Resistance (worn) {rF++ rC++ Will++}
   (You found it in a bailey)

   rF:        It greatly protects you from fire.
   rC:        It greatly protects you from cold.
   Will:      It greatly increases your willpower.
 X - +0 swamp dragon scales
Jewellery
 g - a ring of magical power (left branch)
 m - a +6 ring of dexterity
 r - a +4 ring of protection (right branch)
 y - an amulet of magic regeneration (around neck)
 J - a ring of ice
 T - a ring of ice
 U - the ring of Efimue {AC+4 Int+3}
   (You found it in a bailey)

   [ring of protection]

   AC:        It affects your AC (+4).
   Int:       It affects your intelligence (+3).
 W - a ring of protection from cold
Wands
 q - a wand of paralysis (25)
 s - a wand of polymorph (7)
 u - a wand of charming (7)
 G - a wand of mindburst (2)
 R - a wand of flame (9)
Scrolls
 a - 2 scrolls of poison
 h - 3 scrolls of fog
 i - 2 scrolls of brand weapon
 p - 4 scrolls of teleportation
 t - 3 scrolls of vulnerability
 z - a scroll of identify
 A - 4 scrolls of amnesia
 C - 3 scrolls of blinking
 K - 2 scrolls of enchant armour
 S - a scroll of torment
Potions
 b - 4 potions of magic
 c - 2 potions of haste
 e - 2 potions of curing
 f - a potion of resistance
 j - 2 potions of brilliance
 l - 2 potions of might
 o - 2 potions of ambrosia
 v - 2 potions of lignification
 B - 5 potions of flight
 F - a potion of berserk rage
 H - 2 potions of invisibility


   Skills:
 * Level 5.8 Fighting
 * Level 8.6 Polearms
 * Level 8.2 Armour
 - Level 4.0 Dodging
 + Level 3.7 Stealth
 - Level 5.0 Shields
 * Level 2.5 Unarmed Combat
 + Level 6.1 Spellcasting
 * Level 1.5 Conjurations
 - Level 3.0 Hexes
 - Level 13.6 Transmutations
 - Level 8.0 Ice Magic
 * Level 5.7 Invocations


You had 5 spell levels left.
You knew the following spells:

 Your Spells              Type           Power      Damage    Failure   Level
a - Freeze                Ice            100%       1d11      1%          1
b - Frozen Ramparts       Ice            52%        1d7       4%          3
c - Ozocubu's Armour      Ice            26%        N/A       4%          3
d - Ensorcelled Hibernat  Hex/Ice        38%        N/A       7%          2
e - Ice Form              Ice/Tmut       34%        N/A       4%          4
f - Passwall              Tmut/Erth      19%        N/A       4%          2
g - Hailstorm             Conj/Ice       17%        3d6       52%         4

Your spell library contained the following spells:

 Spells                   Type           Power      Damage    Failure   Level
 Spider Form              Tmut/Pois      23%        N/A       8%          3
 Slow                     Hex            48%        N/A       13%         1
 Ignite Poison            Fire/Tmut/Pois 17%        N/A       21%         3
 Magic Dart               Conj           32%        1d4       24%         1
 Searing Ray              Conj           16%        2d5       34%         2
 Necrotize                Necr           16%        1d4       41%         1
 Summon Small Mammal      Summ           16%        N/A       41%         1
 Inner Flame              Hex/Fire       8%         N/A       56%         3
 Summon Guardian Golem    Hex/Summ       8%         N/A       56%         3
 Summon Ice Beast         Ice/Summ       15%        N/A       63%         4
 Conjure Flame            Conj/Fire      6%         6-21      67%         3
 Call Canine Familiar     Summ           4%         N/A       78%         3
 Gell's Gravitas          Tloc           4%         N/A       78%         3
 Swiftness                Air            4%         N/A       78%         3
 Teleport Other           Tloc           4%         N/A       78%         3
 Fulminant Prism          Conj/Hex       5%         3d7       86%         4
 Anguish                  Hex/Necr       4%         N/A       93%         4
 Sticky Flame             Conj/Fire      6%         2d3       97%         4
 Corpse Rot               Necr/Pois/Air  4%         N/A       99%         4
 Dispel Undead            Necr           4%         3d7       99%         4
 Death Channel            Necr           2%         N/A       100%        6
 Dispersal                Tloc           2%         N/A       100%        6
 Simulacrum               Ice/Necr       7%         N/A       100%        6
 Enfeeble                 Hex            6%         N/A       100%        7
 Borgnjor's Revivificati  Necr           2%         N/A       100%        8


Dungeon Overview and Level Annotations

Branches:
Dungeon (11/15)            Temple (0/1) D:6            Lair (3/6) D:8
  Snake (0/4) Lair:2          Orc (2/2) D:10         Bailey (visited)
Volcano (visited)
  Swamp: Lair:2-4    Shoals: Lair:2-4       Elf: Orc:2

Altars:
Cheibriados
Fedhas
Makhleb
Xom

Shops:
D:4 =   D:6 ?   D:10 ?   Orc:2 =


Innate Abilities, Weirdness & Mutations

You are a tree.
Your roots penetrate the ground, keeping you stationary.
You cannot be teleported.
You are immune to unholy pain and torment.
Your maximum health is greatly increased.
Your equipment is partially melded.
((You are very nimble when in or above water. (Stealth+, EV+, Speed+++)))
((Your lower body shifts to a powerful aquatic tail in water.))


Message History

You block the troll's attack. You block the ogre mage's attack.
Unknown command.
You feel better. You block the ogre's attack.
The ogre hits you with a +0 giant club.
* * * LOW HITPOINT WARNING * * *
The troll bites you but does no damage.
The troll claws you but does no damage. x2
You cannot blink because you are held in place by your roots.
You hit the troll but do no damage.
The troll is severely wounded.
The ogre mage hits you with a +0 flail.
* * * LOW HITPOINT WARNING * * *
You block the troll's attack.
The troll claws you but does no damage. x2
The ogre hits you with a +0 giant club!
* * * LOW HITPOINT WARNING * * *
The ogre hits you but does no damage.
You cannot blink because you are held in place by your roots.
Okay, then.
Unknown command.
Okay, then.
Okay, then.
Unknown command.
You are confused.
You feel invigorated. The troll bites you but does no damage.
The troll claws you but does no damage. x2
The ogre mage casts a spell at the ogre.
The ogre seems to speed up.
You cannot move. (Use ctrl+direction or * direction to attack while stationary and confused.)
You attack the rock wall.
Your icy armour starts to melt.
The ogre hits you with a +0 giant club.
* * * LOW HITPOINT WARNING * * *
The ogre barely misses you. The troll bites you.
* * * LOW HITPOINT WARNING * * *
The troll claws you.
* * * LOW HITPOINT WARNING * * *
The troll claws you but does no damage. The ogre mage casts a spell at you.
You resist with almost no effort.
You attack the rock wall.
The ogre hits you with a +0 giant club!
You die...

..##.....# #.#.##...#....#.
........## ##....###.....###
.......## ##.....# #).....#.
.......## ###...(..###........
........### ##.....#.............
..........###......#.......#.....
.#........##.....####.#...###....
.#......#####..OT###.#...####....
........# ##.#♣O##.......#...#.
#.....### ###.O.#..........###
......# #.......#.....###.
#.#..## ##.............#.# ##..##
###.##.....#....# #####
###........#... #.....#.###...
##.....##..... ##.#...#....#


You could see an ogre mage (poisoned), a troll (poisoned) and 2 ogres.

Vanquished Creatures
  Erolcha (D:9)
  A boulder beetle (D:9)
  Erica (D:10)
  A death knight (D:10)
  A centaur warrior (D:9)
  A two-headed ogre (Orc:1)
  A fire crab (Volcano)
  A deep troll (Orc:1)
  2 orc knights
  A lindwurm (Volcano)
  2 cyclopes (Orc:1)
  2 elephants (Lair:2)
  A black mamba (Lair:2)
  Maggie (D:10)
  An unseen horror (D:10)
  5 cane toads
  A kobold demonologist (D:9)
  2 rime drakes (Lair:1)
  A komodo dragon (Lair:1)
  4 trolls
  Grinder (D:5)
  Prince Ribbit (D:5)
  10 yaks
  4 wyverns
  2 basilisks
  3 fire bats (Lair:1)
  Grum (D:9)
  2 steam dragons
  Edmund (D:5)
  An acid dragon (D:9)
  2 nagas (Lair:2)
  A warg (Orc:1)
  8 water moccasins
  7 hell hounds
  9 orc warriors
  A sky beast (D:8)
  An ice beast (D:6)
  6 ogres
  2 black bears
  8 wolves
  4 centaurs
  4 kobold brigands
  7 bullfrogs
  A gnoll sergeant (D:9)
  A necrophage (D:5)
  3 scorpions
  A wight (D:9)
  3 howler monkeys (D:9)
  A gnoll shaman (D:7)
  6 orc priests
  A hound (D:7)
  4 jellies
  5 iguanas
  8 orc wizards
  The ghost of DocClef the Covert, a weakling GnDe (D:5)
  12 gnolls
  3 adders
  2 shadow imps
  3 white imps
  3 worms (D:5)
  A dart slug (D:2)
  53 orcs
  6 endoplasms
  5 giant cockroaches
  10 goblins
  5 hobgoblins
  8 jackals
  26 kobolds
  6 quokkas
  5 ball pythons
  6 bats
  5 frilled lizards
  5 rats
316 creatures vanquished.

Vanquished Creatures (collateral kills)
  A deep elf zephyrmancer (Bailey)
  An elephant (Lair:2)
  A basilisk (Lair:2)
3 creatures vanquished.

Vanquished Creatures (others)
  A fungus (Lair:1)
  10 plants
11 creatures vanquished.

Grand Total: 330 creatures vanquished

Notes
Turn   | Place    | Note
-------+----------+-------------------------------------------
     0 | D:1      | om the Merfolk Ice Elementalist began the quest for the
                  | Orb.
     0 | D:1      | Reached XP level 1. HP: 13/13 MP: 3/3
   189 | D:1      | Reached XP level 2. HP: 13/19 MP: 3/5
   874 | D:1      | Found a faded altar of an unknown god.
   927 | D:1      | Prayed at the altar of an unknown god.
   927 | D:1      | Became a worshipper of Makhleb the Destroyer
   927 | D:1      | Reached * piety under Makhleb
  1189 | D:1      | Reached XP level 3. HP: 18/24 MP: 2/6
  1272 | D:1      | Learned a level 3 spell: Frozen Ramparts
  2141 | D:2      | Reached ** piety under Makhleb
  2216 | D:2      | Reached skill level 1 in Polearms
  2216 | D:2      | Reached XP level 4. HP: 30/30 MP: 4/7
  2530 | D:2      | Learned a level 3 spell: Ozocubu's Armour
  2567 | D:2      | Found a blossoming altar of Fedhas.
  3189 | D:3      | Reached skill level 5 in Ice Magic
  3659 | D:3      | Reached XP level 5. HP: 31/35 MP: 5/9
  4291 | D:3      | Learned a level 2 spell: Ensorcelled Hibernation
  4420 | D:4      | Reached XP level 6. HP: 36/41 MP: 11/11
  4433 | D:4      | Reached *** piety under Makhleb
  4849 | D:4      | Found Ahues's Jewellery Shop.
  4858 | D:4      | Noticed a black bear
  4901 | D:4      | Reached XP level 7. HP: 45/46 MP: 14/14
  4962 | D:4      | Reached skill level 5 in Polearms
  4962 | D:4      | Reached skill level 5 in Spellcasting
  5597 | D:5      | Entered Level 5 of the Dungeon
  5597 | D:5      | Noticed Edmund
  5597 | D:5      | Noticed Grinder
  5643 | D:5      | Found a burning altar of Makhleb.
  5841 | D:5      | You fall into a shaft and drop 2 floors!
  5867 | D:7      | Reached skill level 1 in Fighting
  5867 | D:7      | Reached skill level 1 in Armour
  5867 | D:7      | Reached skill level 1 in Shields
  6320 | D:6      | Reached XP level 8. HP: 54/57 MP: 15/15
  6339 | D:6      | Found a staircase to the Ecumenical Temple.
  6387 | D:5      | Found a runed translucent gate.
  6388 | D:5      | Found a runed translucent gate.
  6388 | D:5      | Noticed DocClef's ghost (weakling GnDe)
  6391 | D:5      | Found a runed translucent gate.
  6464 | D:5      | Killed Edmund
  6595 | D:5      | Noticed Prince Ribbit
  6619 | D:5      | Killed Prince Ribbit
  7043 | D:5      | Killed Grinder
  7044 | D:5      | Reached skill level 5 in Fighting
  7289 | D:5      | Reached skill level 1 in Invocations
  7289 | D:5      | Reached XP level 9. HP: 66/68 MP: 16/16
  7560 | D:5      | Reached skill level 1 in Hexes
  7566 | D:5      | Killed DocClef's ghost
  7787 | D:6      | Found a shimmering altar of Xom.
  7809 | D:6      | Noticed a troll
  7817 | D:6      | Killed a troll
  7895 | D:6      | Found a shimmering altar of Xom.
  7899 | D:6      | Found a shimmering altar of Xom.
  7901 | D:6      | Found a shimmering altar of Xom.
  7901 | D:6      | Found a shimmering altar of Xom.
  7907 | D:6      | Learned a level 4 spell: Ice Form
  8021 | D:6      | Found a shimmering altar of Xom.
  8021 | D:6      | Found a shimmering altar of Xom.
  8104 | D:6      | Reached **** piety under Makhleb
  8264 | D:6      | Found Estrogoni's Magic Scroll Shop.
  8269 | D:6      | Bought a scroll of identify for 22 gold pieces
  8269 | D:6      | Bought a scroll of identify for 22 gold pieces
  9243 | D:8      | Found a staircase to the Lair.
  9495 | D:9      | Noticed a centaur warrior
  9613 | D:9      | Reached skill level 1 in Transmutations
  9620 | D:9      | Reached XP level 10. HP: 52/74 MP: 19/19
  9662 | D:9      | Noticed Erolcha
  9698 | D:9      | Killed a centaur warrior
  9699 | D:9      | Reached skill level 5 in Armour
  9699 | D:9      | Reached skill level 5 in Shields
  9699 | D:9      | Reached skill level 2 in Transmutations
  9699 | D:9      | Reached skill level 5 in Invocations
  9747 | D:9      | Killed Erolcha
  9748 | D:9      | Reached skill level 3 in Transmutations
 10214 | D:9      | Reached ***** piety under Makhleb
 10235 | D:9      | Noticed a kobold demonologist
 10243 | D:9      | Killed a kobold demonologist
 10244 | D:9      | Reached skill level 4 in Transmutations
 10327 | D:9      | Noticed Grum
 10341 | D:9      | Killed Grum
 10342 | D:9      | Reached XP level 11. HP: 71/79 MP: 20/20
 10357 | D:9      | Identified the +9 plate armour "Lowo" {Dex+3}
 10362 | D:9      | Noticed a boulder beetle
 10368 | D:9      | Reached skill level 5 in Transmutations
 10385 | D:9      | Killed a boulder beetle
 10398 | D:9      | Got Sif Muna's Disquisition on Darkness and the Oath
 10485 | Lair:1   | Entered Level 1 of the Lair of Beasts
 10890 | Lair:1   | Reached skill level 6 in Transmutations
 10895 | Lair:1   | Found a dark tunnel.
 10905 | Volcano  | Entered a volcano
 10983 | Volcano  | Noticed a fire crab
 10994 | Volcano  | Killed a fire crab
 11041 | Volcano  | Noticed a lindwurm
 11055 | Volcano  | Killed a lindwurm
 11056 | Volcano  | Reached skill level 7 in Transmutations
 11551 | Lair:1   | Found a snail-covered altar of Cheibriados.
 12287 | Lair:2   | Reached skill level 8 in Transmutations
 12366 | Lair:2   | Reached skill level 9 in Transmutations
 12366 | Lair:2   | Reached XP level 12. HP: 86/86 MP: 21/21
 12500 | Lair:2   | Reached skill level 10 in Transmutations
 12636 | Lair:2   | Found a staircase to the Snake Pit.
 12761 | Lair:2   | Reached skill level 11 in Transmutations
 12983 | Lair:3   | Noticed an eight-headed hydra
 13093 | D:10     | Entered Level 10 of the Dungeon
 13106 | D:10     | Found Isikhlala's Magic Scroll Boutique.
 13114 | D:10     | Bought a scroll of enchant armour for 112 gold pieces
 13114 | D:10     | Bought a scroll of fear for 52 gold pieces
 13120 | D:10     | Noticed a death knight
 13145 | D:10     | Killed a death knight
 13174 | D:10     | Reached skill level 12 in Transmutations
 13201 | D:10     | Found a flagged portal.
 13209 | Bailey   | Entered a bailey
 13308 | Bailey   | Reached skill level 13 in Transmutations
 13318 | Bailey   | Found a large runed translucent door.
 13318 | Bailey   | Found a large runed translucent door.
 13321 | Bailey   | Found the +2 shield of Resistance {rF++ rC++ Will++}
 13863 | Bailey   | Identified the ring of Efimue {AC+4 Int+3}
 14001 | D:10     | Found a staircase to the Orcish Mines.
 14063 | D:10     | Noticed Maggie
 14074 | D:10     | Killed Maggie
 14211 | D:10     | Noticed Erica
 14232 | D:10     | Killed Erica
 14307 | D:10     | Reached skill level 1 in Unarmed Combat
 14494 | D:10     | Learned a level 2 spell: Passwall
 14499 | D:10     | Learned a level 4 spell: Hailstorm
 14918 | Orc:1    | Entered Level 1 of the Orcish Mines
 14999 | Orc:2    | Entered Level 2 of the Orcish Mines
 15507 | Orc:2    | Found Wefuifis's Jewellery Shoppe.
 15507 | Orc:2    | Noticed a two-headed ogre
 15508 | Orc:2    | Noticed an ogre mage
 15550 | Orc:1    | Reached skill level 1 in Conjurations
 15671 | Orc:1    | Reached XP level 13. HP: 46/93 MP: 22/22
 15793 | Orc:1    | HP: 2/139 [ogre/+0 giant club (11)]
 15796 | Orc:1    | Slain by an ogre

Illustrated notes

Levels and vault maps discovered:
D:1:      lightli_iron_boxes, layout_loops_ring,
          shapermc_ecumenical_altar_pompeii, roderic_lattice_a
D:2:      layout_basic, basic_altar
D:3:      layout_loops_corners
D:4:      layout_basic, serial_shops, nicolae_inconvenience_store
D:5:      layout_gridville, mainiacjoe_overflow_paths,
          gammafunk_ghost_nasty_kobolds, cheibrodos_sewer_entry_bend,
          uniq_edmund, uniq_prince_ribbit1, uniq_grinder
D:6:      layout_basic, nicolae_xom_altar_mimics,
          minmay_temple_entry_statues_fountains, serial_shops,
          nicolae_shop_hallway_stairs
D:7:      layout_basic, abandoned_shop, hangedman_abyss_or_decor_slice
D:8:      layout_rooms, lair_entry_dummy
D:9:      layout_rooms, minmay_the_grid_2x2 [minmay_the_grid_stretched_grid,
          minmay_the_grid_pillar_ring, minmay_the_grid_minigrid_medium,
          minmay_the_grid_prize_diamond_cup], uniq_grum, uniq_erolcha
D:10:     layout_loops_ring, orc_0_dummy, serial_shops, shop, enter_bailey_2,
          nicolae_twisting_strands, minmay_rotating_lava, uniq_erica,
          uniq_maggie
D:11:     layout_irregular_city, nicolae_tso_swordbearing_angel
Lair:1:   layout_cave_pods, basic_altar, nicolae_volcano_entry_batcave
Lair:2:   layout_misc_corridors, guppyfry_snake_entry_garden,
          chequers_serial_rivers_room_a, grunt_megastairs_2,
          infiniplex_staircase_pool_2
Lair:3:   layout_long_grid, minmay_shoals_entry_centaurs, basic_altar,
          serial_bayou_crossing
Orc:1:    layout_diamond_mine
Orc:2:    st_orc_open, layout_caves, serial_shops,
          nicolae_shop_bloodbath_and_beyond

Skill      XL: |  1  2  3  4  5  6  7  8  9 10 11 12 |
---------------+-------------------------------------+-----
Dodging        | 3 4 |  4.0
Stealth        | 3 |  3.7
Polearms       | 1 2 3 4 5 6 8 |  8.6
Ice Magic      | 5 7 8 |  8.0
Spellcasting   | 3 4 5 6 |  6.1
Fighting       | 2 5 |  5.8
Armour         | 2 4 6 8 |  8.2
Shields        | 2 3 4 5 |  5.0
Invocations    | 1 4 5 |  5.7
Hexes          | 2 3 |  3.0
Transmutations | 1 4 9 13 | 13.6
Unarmed Combat | 2 |  2.5
Conjurations   | 1 |  1.5

Action                   |  1- 3 |  4- 6 |  7- 9 | 10-12 | 13-15 || total
-------------------------+-------+-------+-------+-------+-------++-------
Melee: Unarmed           |     1 |       |       |    21 |       ||    22
       Dagger            |    13 |       |       |       |       ||    13
       Spear             |    59 |    90 |       |       |       ||   149
       Trident           |       |    63 |   255 |   451 |     6 ||   775
       Tailslap          |       |       |     2 |       |       ||     2
 Cast: Freeze            |    27 |    12 |    23 |    79 |     6 ||   147
       Frozen Ramparts   |     1 |     8 |    19 |    62 |     3 ||    93
       Ozocubu's Armour  |       |     1 |    12 |    29 |     2 ||    44
       Ice Form          |       |       |       |     3 |       ||     3
       Passwall          |       |       |       |     3 |       ||     3
       Ensorcelled Hiber |       |       |       |     3 |       ||     3
Invok: Minor Destruction |       |       |     1 |     7 |       ||     8
       Lesser Servant of |       |       |       |     3 |       ||     3
Evoke: Wand              |       |       |       |     1 |       ||     1
  Use: Scroll            |       |     7 |    11 |     7 |       ||    25
       Potion            |       |       |     2 |    10 |     4 ||    16
 Stab: Sleeping          |     4 |    14 |     5 |     3 |       ||    26
       Distracted        |       |     1 |       |     1 |       ||     2
Armor: Robe              |    11 |    28 |    54 |       |       ||    93
       Troll leather arm |       |       |    50 |   206 |     3 ||   259
       Skin              |       |       |       |    48 |    18 ||    66
       Leather armour    |       |       |       |    13 |       ||    13
Dodge: Dodged            |    54 |    84 |   159 |   343 |    12 ||   652
Block: Buckler           |       |    15 |    66 |   114 |       ||   195
       Kite shield       |       |       |       |    57 |    20 ||    77

Table legend: (Time is in decaauts)
 A = Elapsed time spent in this place.
 B = Non-inter-level travel time spent in this place.
 C = Inter-level travel time spent in this place.
 D = Time resting spent in this place.
 E = Time spent auto-exploring this place.
 F = Levels seen in this place.
 G = Mean time per level.
                   A        B        C        D        E       F      G
               +--------+--------+--------+--------+--------+-----+--------+
         Total |  15830 |  14998 |    832 |   2364 |   9330 |  18 |  879.4 |
       Dungeon |  11680 |  11003 |    677 |   1414 |   7299 |  11 | 1061.8 |
          Lair |   2132 |   2031 |    101 |    415 |   1236 |   3 |  710.7 |
  Orcish Mines |    884 |    830 |     54 |    138 |    434 |   2 |  442.0 |
        Bailey |    704 |    704 |      0 |    264 |    188 |   1 |  704.0 |
       Volcano |    428 |    428 |      0 |    133 |    172 |   1 |  428.0 |
               +--------+--------+--------+--------+--------+-----+--------+

Top non-repeatable levels by time:
     D:1: 2007 daAuts
     D:5: 1569 daAuts
  Lair:1: 1424 daAuts
     D:4: 1296 daAuts
     D:3: 1270 daAuts
    D:10: 1110 daAuts
     D:2: 1088 daAuts
     D:6: 983 daAuts
     D:9: 932 daAuts
     D:7: 929 daAuts
   Orc:1: 842 daAuts
  Bailey: 704 daAuts
  Lair:2: 699 daAuts
     D:8: 491 daAuts
 Volcano: 428 daAuts
